 Dungeon Crawl Stone Soup version 0.31-a0-750-gfe7b580527 (webtiles) character file.

Game seed: 16303619874886055460

2 cforsyth the Sneak (level 1, -2/20 HPs)
             Began as a Djinni Delver on Sept 14, 2023.
             Slain by an ufetubus (3 damage)
             ... on level 4 of the Dungeon.
             The game lasted 00:01:58 (81 turns).

cforsyth the Sneak (Djinni Delver)                    Turns: 81, Time: 00:01:59

Health: -2/20      AC:  3    Str: 11    XL:     1   Next: 44%
Gold:   6          EV: 12    Int: 11    God:
                   SH:  0    Dex: 14

rFire   + + .        e - +0 great mace of Disgust {antimagic, Stlth+}
rCold   x . .        (shield currently unavailable)
rNeg    . . .        b - +0 leather armour
rPois   ∞            (no helmet)
rElec   .            (no cloak)
rCorr   .            (no gloves)
SInv    .            (boots unavailable)
Will    .....        (no amulet)
Stlth   +++          (no ring)
HPRegen 0.23/turn    (no ring)
MPRegen 0.00/turn

%: infuse magic (-3 HP)
@: flying
A: sickness immunity, fire resistance 2, cold vulnerability 1, float, innate
caster, HP casting, extra vitality 1
a: no special abilities


You were on level 4 of the Dungeon.
You visited 1 branch of the dungeon, and saw 2 of its levels.

You collected 6 gold pieces.

Inventory:

Hand Weapons
 a - a +0 falchion
 e - the +0 great mace of Disgust (weapon) {antimagic, Stlth+}
   (You found it on level 4 of the Dungeon)

   Stlth+:    It makes you more stealthy.
Armour
 b - a +0 leather armour (worn)
Wands
 g - a wand of digging (3)
Scrolls
 c - a scroll of fog
 d - a scroll of revelation
 h - a scroll of identify {unknown}
Potions
 f - a potion of haste


   Skills:
 + Level 3.0 Fighting
 - Level 1.7 Long Blades
 - Level 2.1 Dodging
 - Level 4.1 Stealth
 + Level 0.1 Spellcasting
 + Level 0.1 Conjurations
 + Level 0.1 Hexes
 + Level 0.1 Summonings
 + Level 0.1 Necromancy
 + Level 0.1 Translocations
 + Level 0.1 Transmutations
 + Level 0.1 Fire Magic
 + Level 0.1 Ice Magic
 + Level 0.1 Air Magic
 + Level 0.1 Earth Magic
 + Level 0.1 Poison Magic You didn't know any spells. Your spell library was empty.

Dungeon Overview and Level Annotations

Branches:
Dungeon (5/15)
 Temple: D:4-7

Altars:

Annotations:
D:4 1 transporter
D:5 1 runed translucent door, Grinder; cforsyth's ghost, weakling DjDe


Innate Abilities, Weirdness & Mutations

You are immune to sickness and miasma.
You are immune to poison.
Your flesh is very heat resistant. (rF++)
You are vulnerable to cold. (rC-)
You float through the air rather than walking.
You learn spells naturally, not from books.
Your magical power is your life essence.
You have superior vitality. (+4 MHP)


Message History

You closely miss the ufetubus.
The ufetubus is lightly wounded.
The ufetubus barely misses you. The ufetubus completely misses you.
The ufetubus barely misses you. x2
You miss the ufetubus.
The ufetubus is lightly wounded.
The ufetubus closely misses you. The ufetubus hits you.
The ufetubus hits you but does no damage.
The ufetubus closely misses you. The ufetubus hits you.
The ufetubus closely misses you.
You hit the ufetubus.
The ufetubus is almost dead.
The ufetubus barely misses you. The ufetubus hits you.
The ufetubus barely misses you. x2
You are too injured to fight recklessly!
You are too injured to fight recklessly!
You are too injured to fight recklessly!
You are too injured to fight recklessly!
You are too injured to fight recklessly!
You are too injured to fight recklessly!
You are too injured to fight recklessly!
You barely miss the ufetubus.
The ufetubus is almost dead.
The ufetubus hits you. x2; The ufetubus misses you.
The ufetubus hits you.
* * * LOW HITPOINT WARNING * * *
The ufetubus barely misses you. The ufetubus closely misses you.
You closely miss the ufetubus.
The ufetubus is almost dead.
The ufetubus hits you but does no damage.
The ufetubus closely misses you.
The ufetubus hits you but does no damage.
The ufetubus closely misses you.
You miss the ufetubus.
The ufetubus is almost dead.
The ufetubus closely misses you. The ufetubus barely misses you.
The ufetubus hits you.
* * * LOW HITPOINT WARNING * * *
The ufetubus misses you. The ufetubus closely misses you.
The ufetubus hits you.
You die...

.©#.....# #§#
##.....######.#
##......+......#
#.......########
##.........#
#......##.#
#.......#.#####.#
......###.#.......#
........)...@..#....
#.............5.# .
########........#
#........#
#........#
#........#
#........#
##########


You could see an ufetubus.

Vanquished Creatures
  A dart slug (D:4)
1 creature vanquished.

Notes
Turn   | Place    | Note
-------+----------+-------------------------------------------
     0 | D:5      | cforsyth the Djinni Delver began the quest for the Orb.
     0 | D:5      | Reached XP level 1. HP: 20/20 MP: 0/0
     5 | D:5      | Found a runed translucent door.
     7 | D:5      | Noticed cforsyth's ghost (weakling DjDe)
     7 | D:5      | Noticed a bullfrog
    13 | D:5      | Noticed Grinder
    39 | D:4      | Noticed a hound
    54 | D:4      | Found a transporter.
    62 | D:4      | Identified the +0 great mace of Disgust {antimagic, Stlth+}
    81 | D:4      | HP: 1/20 [ufetubus (3)]
    81 | D:4      | Slain by an ufetubus

Illustrated notes

Levels and vault maps discovered:
D:4:      layout_basic, nicolae_sif_muna_little_library,
          gammafunk_ghost_abyssal_escape, sigmund_edmund_badplayer
D:5:      layout_loops_ring, ebering_ghost_sewer_f, nicolae_titane, uniq_grinder

Action                     || total
---------------------------++-------
  Melee: Great mace        ||     7
         Falchion          ||     7
    Use: Scroll            ||     2
 Armour: Leather armour    ||    18
  Dodge: Dodged            ||    34

Table legend: (Time is in decaauts)
 A = Elapsed time spent in this place.
 B = Non-inter-level travel time spent in this place.
 C = Inter-level travel time spent in this place.
 D = Time resting spent in this place.
 E = Time spent auto-exploring this place.
 F = Levels seen in this place.
 G = Mean time per level.
                   A        B        C        D        E       F      G
               +--------+--------+--------+--------+--------+-----+--------+
         Total |     85 |     85 |      0 |      0 |     18 |   2 |   42.5 |
       Dungeon |     85 |     85 |      0 |      0 |     18 |   2 |   42.5 |
               +--------+--------+--------+--------+--------+-----+--------+

Top non-repeatable levels by time:
     D:4: 47 daAuts
     D:5: 38 daAuts
